 Dungeon Crawl Stone Soup version 0.23.2-33-g5129a83 (webtiles) character file.

Game seed: 5591834541931287833

29353 Amberwave the Basher (level 13, -4/139 HPs)
             Began as a Demonspawn Berserker on July 15, 2019.
             Was a Believer of Hepliaklqana.
             Slain by a wolf (6 damage)
             ... on level 4 of the Lair of Beasts on July 16, 2019.
             The game lasted 01:41:35 (13495 turns).

Amberwave the Basher (Demonspawn Berserker)        Turns: 13495, Time: 01:41:38

Health: -4/139     AC: 17    Str: 31    XL:     13   Next: 14%
Magic:  21/21      EV: 12    Int:  8    God:    Hepliaklqana [**....]
Gold:   777        SH:  0    Dex: 14    Spells: 20/23 levels left

rFire    . . .     SeeInvis .   H - +3 flail (venom)
rCold    . . .     Gourm    .   (no shield)
rNeg     . . .     Faith    .   U - +3 troll leather armour
rPois    +         Spirit   .   (helmet restricted)
rElec    .         Reflect  .   T - scarf {repulsion}
rCorr    .         Harm     .   (no gloves)
MR       .....                  (no boots)
Stlth    ..........             S - amulet of the acrobat
HPRegen  0.73/turn              i - +2 ring of strength
MPRegen  0.17/turn              d - ring of poison resistance

@: berserking, lethally poisoned (-4 -> -16), sanguine armour, repel missiles,
very quick
A: reduced essence, antennae 2, demonic guardian 2, strong 1, sanguine armour 2
a: Ancestor Life: Knight, Ancestor Life: Battlemage, Ancestor Life: Hexer,
Recall Ancestor, Ancestor Identity, Renounce Religion


You were on level 4 of the Lair of Beasts.
You worshipped Hepliaklqana.
Hepliaklqana was pleased with you.
You were not hungry.

You visited 3 branches of the dungeon, and saw 16 of its levels.
You also visited: Bailey.

You collected 887 gold pieces.
You spent 110 gold pieces at shops.

Inventory:

Hand Weapons
 x - a +2 antimagic morningstar
 D - the +2 dagger "Sazuaf" {protect, Dex+3 Stlth+}
   (You found it on level 5 of the Dungeon)

   It protects the one who uses it against injury (+AC on strike).
   It affects your dexterity (+3).
   It makes you more stealthy.
 H - a +3 flail of venom (weapon)
 L - a +2 vampiric hand axe
Armour
 f - a scarf of cloud immunity
 F - the +8 chain mail of the Many Dances {+Blink rPois MP-9}
   (You found it on level 6 of the Dungeon)

   It protects you from poison.
   It affects your magic capacity (-9).
   It lets you blink.
 T - a scarf of repulsion (worn)
 U - a +3 troll leather armour (worn)
Jewellery
 d - a ring of poison resistance (right hand)
 h - an uncursed ring of see invisible
 i - a +2 ring of strength (left hand)
 l - a +2 ring of protection
 t - an uncursed ring of flight {unknown}
 u - an uncursed amulet of harm
 I - an uncursed ring of stealth
 S - an amulet of the acrobat (around neck)
Wands
 a - a wand of iceblast (1)
 e - a wand of random effects (35)
 g - a wand of flame (9)
 s - a wand of enslavement (10)
 y - a wand of acid (9)
 E - a wand of paralysis (23)
 K - a wand of disintegration (13)
Scrolls
 b - 4 scrolls of teleportation
 n - a scroll of blinking
 v - 4 scrolls of remove curse
 w - a scroll of magic mapping
 A - 4 scrolls of fog
 B - a scroll of summoning {unknown}
 C - 3 scrolls of immolation
Potions
 j - 2 potions of magic
 m - 2 potions of flight
 o - a potion of agility
 p - a potion of berserk rage
 q - 7 potions of brilliance
 r - a potion of invisibility
 z - 3 potions of lignification
 M - 2 potions of haste
Comestibles
 c - 7 rations


   Skills:
 - Level 10.6 Fighting
 - Level 5.3(9.1) Axes
 - Level 11.3(11.7) Maces & Flails
 - Level 9.9 Armour
 - Level 1.7 Dodging
 - Level 5.6 Spellcasting
 * Level 5.2 Conjurations
 - Level 0.1 Charms
 * Level 5.3 Air Magic
 - Level 2.1 Invocations
 - Level 0.2 Evocations


You had 20 spell levels left.
You knew the following spells:

 Your Spells              Type           Power        Failure   Level  Hunger
a - Shock                 Conj/Air       ##..         3%          1    #......
b - Swiftness             Chrm/Air       #.......     13%         2    ##.....

Your spell library contained the following spells:

 Spells                   Type           Power        Failure   Level  Hunger
 Magic Dart               Conj           ##..         3%          1    #......
 Searing Ray              Conj           ##....       4%          2    ##.....
 Static Discharge         Conj/Air       ##......     9%          3    ###....
 Animate Skeleton         Necr           N/A          26%         1    #......
 Apportation              Tloc           #.....       26%         1    #......
 Confusing Touch          Hex            #.....       26%         1    #......
 Summon Small Mammal      Summ           #...         26%         1    #......
 Dazzling Spray           Conj/Hex       #.....       26%         3    ###....
 Airstrike                Air            ##........   30%         4    #####..
 Iskenderun's Mystic Bla  Conj           ##......     30%         4    #####..
 Lightning Bolt           Conj/Air       ##........   63%         5    ######.
 Force Lance              Conj/Tloc      #.......     65%         4    #####..
 Fulminant Prism          Conj/Hex       #.........   65%         4    #####..


Dungeon Overview and Level Annotations

Branches:
Dungeon (11/15)            Temple (1/1) D:7            Lair (3/6) D:11
 Shoals (0/4) Lair:4        Snake (0/4) Lair:2          Orc (0/2) D:9

Altars:
Ashenzari
Cheibriados
Dithmenos
Elyvilon
Fedhas
Gozag
Hepliaklqana
Kikubaaqudgha
Makhleb
Nemelex Xobeh
Okawaru
Qazlal
Ru
Sif Muna
Trog
Uskayaw
Vehumet
Wu Jian
Xom
Yredelemnul
Zin
The Shining One

Shops:
D:6 %

Portals:
Gauntlet: Lair:3


Innate Abilities, Weirdness & Mutations

You have a pair of antennae on your head.
A demonic guardian rushes to your aid.
When seriously injured, your bleeding wounds create thick armour. (AC +9)
Your life essence is reduced to manifest your ancestor. (-10% HP)
Your muscles are strong. (Str +2)


Message History

You are too berserk!
You hit the wolf.
The wolf looks as sick as possible!
The wolf is almost dead.
* * * LOW HITPOINT WARNING * * *
You feel sick.
You hear a shout!
The wolf closely misses you.
The wolf bites the fungus!
The spiny frog completely misses you. The wolf bites you but does no damage.
The wolf closely misses you. The spiny frog barely misses you.
The wolf bites you.
* * * LOW HITPOINT WARNING * * *
The wolf closely misses you.
You are too berserk!
You sock the wolf!
You kill the wolf!
* * * LOW HITPOINT WARNING * * *
You feel sick.
You kill the wolf!
The wolf bites you.
You die...

...........#
#.........##
#...Y.......
#..........P
##........##
#..........#
#.[..YY...###
#...hh.Y....#
##.YF@†h...##
#...YhFP.#.#
#......### P.
#......#. .
#.........#
###.......#
#.......#
#.......


You could see 6 yaks, 2 spiny frogs and 4 wolves.

Vanquished Creatures
  3 hydras
  3 two-headed ogres
  An iron troll (D:9)
  Maurice (D:10)
  A torpor snail (Lair:2)
  3 polar bears
  A troll (D:11)
  5 slime creatures (D:10)
  4 blink frogs (Lair:1)
  A snapping turtle (Lair:4)
  4 hippogriffs (D:11)
  11 yaks
  Eustachio (D:6)
  6 basilisks
  A naga (Lair:2)
  A soldier ant (D:10)
  8 porcupines
  3 water moccasins
  3 orc warriors
  2 sky beasts (D:9)
  4 ice beasts
  2 phantoms
  3 black bears
  7 ogres
  2 wolves (Lair:4)
  5 crocodiles
  5 centaurs
  4 big kobolds
  12 bullfrogs
  10 wights
  16 killer bees
  7 howler monkeys
  2 electric eels (D:9)
  5 crimson imps
  2 centaur zombies
  A bullfrog skeleton (D:6)
  5 hounds
  2 jellies
  7 orc priests
  13 orc wizards
  3 iguanas
  3 worker ants
  A killer bee zombie (D:8)
  A hound zombie (D:5)
  11 adders
  A shadow imp (D:5)
  An adder zombie (D:9)
  4 worms
  A dart slug (D:1)
  4 leopard geckos
  41 orcs
  4 giant cockroaches
  13 goblins
  5 hobgoblins
  14 jackals
  3 quokkas
  3 ball pythons
  A ball python skeleton (D:6)
  7 bats
  3 frilled lizards
  A jackal zombie (D:5)
  21 kobolds
  A quokka zombie (D:6)
  13 rats
337 creatures vanquished.

Vanquished Creatures (collateral kills)
  Gastronok (D:10)
  A hydra (Lair:2)
  Erica (D:8)
  3 two-headed ogres
  An iron troll (D:9)
  An ugly thing (D:9)
  8 trolls (D:9)
  3 blink frogs (Lair:1)
  Sigmund (D:5)
  A basilisk (Lair:1)
  5 yaks
  Edmund (D:6)
  2 nagas (Lair:2)
  A porcupine (Lair:1)
  A black bear (Lair:1)
  An ice beast (D:9)
  A hornet zombie (D:5)
  3 ogres
  A crocodile (Lair:1)
  A centaur (D:11)
  A big kobold (D:8)
  A bullfrog (Lair:2)
  3 wights
  9 killer bees
  2 howler monkeys
  A crimson imp (D:9)
  An electric eel (D:9)
  5 hounds
  An orc priest (D:11)
  An adder (D:4)
  2 adder zombies
  2 orcs
  A jackal skeleton (D:8)
  A plant (Lair:2)
69 creatures vanquished.

Vanquished Creatures (others)
  A deep troll (D:9)
  A killer bee (D:9)
  3 ancestors
  2 bushes (D:11)
  3 fungi
  18 plants (D:11)
28 creatures vanquished.

Grand Total: 434 creatures vanquished

Notes
Turn   | Place    | Note
-------+----------+-------------------------------------------
     0 | D:1      | Amberwave the Demonspawn Berserker began the quest for the
                  | Orb.
     0 | D:1      | Reached XP level 1. HP: 18/18 MP: 1/1
   282 | D:1      | Reached skill level 3 in Maces & Flails
   302 | D:1      | Gained mutation: When seriously injured, your bleeding
                  | wounds create armour. (AC +9) [demonic ancestry]
   302 | D:1      | Reached XP level 2. HP: 24/24 MP: 2/2
   538 | D:1      | Reached ** piety under Trog
   596 | D:1      | Gained mutation: A weak demonic guardian rushes to your
                  | aid. [demonic ancestry]
   596 | D:1      | Reached XP level 3. HP: 29/29 MP: 3/3
  1213 | D:2      | Found a radiant altar of Vehumet.
  1380 | D:2      | Found a hide-covered altar of Uskayaw.
  1387 | D:2      | Reached XP level 4. HP: 37/37 MP: 4/4
  2618 | D:4      | Reached skill level 4 in Maces & Flails
  2670 | D:4      | Reached *** piety under Trog
  2670 | D:4      | Reached XP level 5. HP: 36/42 MP: 5/5
  2947 | D:4      | Gained mutation: A demonic guardian rushes to your aid.
                  | [demonic ancestry]
  2947 | D:4      | Reached XP level 6. HP: 38/48 MP: 6/6
  3105 | D:5      | Entered Level 5 of the Dungeon
  3363 | D:5      | Reached skill level 5 in Maces & Flails
  3389 | D:5      | Noticed Sigmund
  3397 | D:5      | Killed Sigmund
  3397 | D:5      | Gained mutation: You have a pair of small antennae on your
                  | head. [demonic ancestry]
  3397 | D:5      | Reached XP level 7. HP: 36/54 MP: 7/7
  3450 | D:5      | Found an ancient bone altar of Kikubaaqudgha.
  3811 | D:5      | Got a steaming dagger
  3917 | D:5      | Found a snail-covered altar of Cheibriados.
  4019 | D:6      | Identified the cursed +2 dagger "Sazuaf" {protect, Dex+3
                  | Stlth+} (You found it on level 5 of the Dungeon)
  4048 | D:6      | Found Tisapasi's Food Shoppe.
  4052 | D:6      | Bought a ration for 55 gold pieces
  4052 | D:6      | Bought a ration for 55 gold pieces
  4147 | D:6      | Found a bloodstained altar of Trog.
  4254 | D:6      | Noticed Eustachio
  4278 | D:6      | Killed Eustachio
  4278 | D:6      | Reached skill level 6 in Maces & Flails
  4278 | D:6      | Reached skill level 5 in Armour
  4372 | D:6      | Gained mutation: When seriously injured, your bleeding
                  | wounds create thick armour. (AC +9) [demonic ancestry]
  4372 | D:6      | Reached XP level 8. HP: 26/61 MP: 8/8
  4603 | D:6      | Reached skill level 5 in Fighting
  4625 | D:6      | Got a twisted chain mail
  4636 | D:6      | Identified the +8 chain mail of the Many Dances {+Blink
                  | rPois MP-9} (You found it on level 6 of the Dungeon)
  5080 | D:6      | Noticed Edmund
  5089 | D:6      | Killed Edmund
  5189 | D:7      | Reached skill level 7 in Maces & Flails
  5368 | D:7      | Found a staircase to the Ecumenical Temple.
  5572 | D:7      | Found a shadowy altar of Dithmenos.
  5667 | D:8      | Noticed Erica
  5673 | D:8      | Killed Erica
  5673 | D:8      | Reached XP level 9. HP: 69/69 MP: 0/9
  5702 | D:8      | Noticed a two-headed ogre
  5712 | D:8      | Killed a two-headed ogre
  5712 | D:8      | Reached skill level 8 in Maces & Flails
  5722 | D:8      | Reached **** piety under Trog
  5855 | D:8      | Found a flagged portal.
  5932 | Bailey   | Entered a bailey
  6443 | D:8      | Reached skill level 9 in Maces & Flails
  6829 | D:9      | Found a staircase to the Orcish Mines.
  7026 | D:9      | Noticed a purple ugly thing
  7038 | D:9      | Killed a purple ugly thing
  7132 | D:9      | Noticed a troll
  7147 | D:9      | Killed a troll
  7147 | D:9      | Reached XP level 10. HP: 48/79 MP: 1/10
  7255 | D:9      | Found a shattered altar of Ashenzari.
  7318 | D:9      | Noticed a deep troll
  7333 | D:9      | Noticed an iron troll
  7412 | D:9      | Killed an iron troll
  7533 | D:9      | Noticed an iron troll
  7595 | D:9      | Reached ***** piety under Trog
  7614 | D:9      | Killed an iron troll
  7889 | D:9      | Reached skill level 10 in Maces & Flails
  8196 | D:9      | Noticed a two-headed ogre
  8216 | D:9      | Killed a two-headed ogre
  8279 | D:9      | Reached skill level 5 in Axes
  8279 | D:9      | Reached skill level 5 in Spellcasting
  8279 | D:9      | Reached XP level 11. HP: 87/89 MP: 10/19
  8280 | D:9      | Gained mutation: You are clumsy. (Dex -2) [potion of
                  | mutation]
  8280 | D:9      | Lost mutation: You are clumsy. (Dex -2) [potion of
                  | mutation]
  8280 | D:9      | Gained mutation: Your muscles are strong. (Str +2) [potion
                  | of mutation]
  8606 | D:10     | Entered Level 10 of the Dungeon
  8909 | D:10     | Reached XP level 12. HP: 91/95 MP: 20/20
  8910 | D:10     | Noticed Maurice
  8925 | D:10     | Killed Maurice
  9057 | D:10     | Reached * piety under Trog
  9546 | D:10     | Noticed Gastronok
  9561 | D:10     | Killed Gastronok
  9708 | D:11     | Reached skill level 10 in Fighting
  9986 | D:11     | Reached skill level 11 in Maces & Flails
 10053 | D:11     | Found a staircase to the Lair.
 10257 | D:11     | Fell from the grace of Trog
 10403 | D:11     | Noticed a two-headed ogre
 10638 | D:11     | Killed a two-headed ogre
 10907 | D:11     | Learned a level 1 spell: Shock
 11030 | Temple   | Entered the Ecumenical Temple
 11057 | Temple   | Became a worshipper of Hepliaklqana the Forgotten
 11220 | Lair:1   | Entered Level 1 of the Lair of Beasts
 11268 | Lair:1   | Reached skill level 1 in Invocations
 11329 | Lair:1   | Reached skill level 1 in Conjurations
 11671 | Lair:1   | Noticed a two-headed ogre
 11671 | Lair:1   | Noticed a two-headed ogre
 11671 | Lair:1   | Noticed a two-headed ogre
 11789 | Lair:1   | Killed a two-headed ogre
 11790 | Lair:1   | Killed a two-headed ogre
 12012 | Lair:1   | Killed a two-headed ogre
 12421 | Lair:2   | Reached skill level 1 in Air Magic
 12498 | Lair:2   | Noticed a five-headed hydra
 12511 | Lair:2   | Killed a five-headed hydra
 12530 | Lair:2   | Reached * piety under Hepliaklqana
 12607 | Lair:2   | You fall through a shaft!
 12617 | Lair:3   | Noticed a six-headed hydra
 12634 | Lair:3   | Killed a six-headed hydra
 12763 | Lair:3   | Found a gate leading to a gauntlet.
 12962 | Lair:3   | Noticed a six-headed hydra
 12967 | Lair:3   | Killed a six-headed hydra
 12973 | Lair:3   | Learned a level 2 spell: Swiftness
 13000 | Lair:3   | Gained mutation: You have a pair of antennae on your head.
                  | [demonic ancestry]
 13000 | Lair:3   | Reached XP level 13. HP: 54/93 MP: 21/21
 13224 | Lair:2   | Reached skill level 5 in Conjurations
 13224 | Lair:2   | Reached skill level 5 in Air Magic
 13367 | Lair:2   | Found a staircase to the Snake Pit.
 13384 | Lair:2   | You fall through a shaft for 2 floors!
 13384 | Lair:4   | Found a staircase to the Shoals.
 13483 | Lair:4   | Reached ** piety under Hepliaklqana
 13494 | Lair:4   | HP: 4/139 [wolf (4)]
 13495 | Lair:4   | Slain by a wolf

Skill      XL: |  1  2  3  4  5  6  7  8  9 10 11 12 13 |
---------------+----------------------------------------+-----
Maces & Flails | 3 4 5 6 7 9 10 11 | 11.3
Armour         | 2 3 4 5 6 8 9 |  9.9
Fighting       | 4 5 7 9 10 | 10.6
Axes           | 5 |  5.3
Spellcasting   | 5 |  5.6
Invocations    | 2 |  2.1
Conjurations   | 4 5 |  5.2
Air Magic      | 4 5 |  5.3
Dodging        | |  1.7
Charms         | |  0.1
Evocations     | |  0.2

Action                   |  1- 3 |  4- 6 |  7- 9 | 10-12 | 13-15 || total
-------------------------+-------+-------+-------+-------+-------++-------
Melee: Mace              |   141 |   160 |   203 |       |       ||   504
       Flail             |       |       |   209 |   610 |    90 ||   909
 Cast: Shock             |       |       |       |       |     2 ||     2
Invok: Berserk           |       |     1 |     2 |     1 |       ||     4
       Brothers in Arms  |       |       |     1 |       |       ||     1
       Renounce Religion |       |       |       |     1 |       ||     1
Evoke: Wand              |       |       |       |    11 |       ||    11
  Use: Scroll            |       |    11 |     2 |    18 |     1 ||    32
       Potion            |       |       |       |    17 |     4 ||    21
 Stab: Distracted        |     1 |       |     2 |     2 |       ||     5
       Paralysed         |       |       |       |     4 |       ||     4
  Eat: Ration            |     1 |     3 |     3 |     6 |       ||    13
       Chunk             |       |     1 |     1 |       |       ||     2
Armor: Animal skin       |     2 |       |       |       |       ||     2
       Chain mail        |    76 |   142 |   331 |    10 |       ||   559
       Troll leather arm |       |       |       |   212 |    52 ||   264
Dodge: Dodged            |    61 |    91 |   228 |   322 |   143 ||   845
       Deflected         |       |       |       |     9 |     1 ||    10
